 Dungeon Crawl Stone Soup version 0.22-a0-570-g58866f5 (webtiles) character file.

7457 kae the Arsonist (level 11, -2/66 HPs)
             Began as a Tengu Fire Elementalist on June 30, 2018.
             Was an Elder of Vehumet.
             Slain by a gargoyle
             ... wielding a +1 mace of crushing
              (16 damage)
             ... on level 10 of the Dungeon.
             The game lasted 00:15:36 (14572 turns).

kae the Arsonist (Tengu Fire Elementalist)         Turns: 14572, Time: 00:15:38

Health: -2/66      AC:  6    Str:  9    XL:     11   Next: 15%
Magic:  16/22      EV: 13    Int: 18    God:    Vehumet [****..]
Gold:   449        SH:  0    Dex: 15    Spells: 8/24 levels left

rFire    . . .     SeeInvis .   d - +1 spear
rCold    + . .     Gourm    .   (no shield)
rNeg     . . .     Faith    .   v - +1 robe {rC+}
rPois    .         Spirit   .   (helmet restricted)
rElec    .         Reflect  .   n - +1 cloak
rCorr    .         Harm     .   (no gloves)
MR       .....                  (boots unavailable)
Stlth    ++........             (no amulet)
HPRegen  0.21/turn              (no ring)
MPRegen  0.18/turn              (no ring)

@: no status effects
A: beak, talons 3, able to fly 1
a: Fly, Renounce Religion


You were on level 10 of the Dungeon.
You worshipped Vehumet.
Vehumet was greatly pleased with you.
You were not hungry.

You visited 2 branches of the dungeon, and saw 11 of its levels.
You also visited: Sewer.

You collected 449 gold pieces.

Inventory:

Hand Weapons
 a - a +2 scimitar of flaming
 d - a +1 spear (weapon)
Armour
 n - a +1 cloak (worn)
 v - a +1 robe of cold resistance (worn)
Jewellery
 y - an uncursed ring of resist corrosion {unknown}
 B - a cursed -2 ring of strength {unknown}
Wands
 g - a wand of flame (28)
 p - a wand of disintegration (2)
 x - a wand of acid (7)
 z - a wand of iceblast (9)
 A - a wand of polymorph (15)
 E - a wand of random effects (17)
Scrolls
 b - a scroll of fog
 m - 3 scrolls of blinking
 r - 2 scrolls of remove curse
 s - 5 scrolls of teleportation
 t - 3 scrolls of holy word
 u - a scroll of magic mapping
 w - 3 scrolls of identify
 D - a scroll of amnesia
Potions
 e - a potion of magic
 f - 2 potions of flight
 h - 4 potions of might
 i - 6 potions of curing
 j - 5 potions of lignification
 k - 3 potions of agility
 l - a potion of invisibility
 o - a potion of haste
 q - 2 potions of heal wounds
 C - a potion of ambrosia {unknown}
Comestibles
 c - 22 rations


   Skills:
 + Level 6.9 Fighting
 + Level 7.6 Armour
 - Level 2.1 Dodging
 - Level 2.0 Stealth
 - Level 7.0 Spellcasting
 - Level 8.3 Conjurations
 - Level 11.0 Fire Magic


You had 8 spell levels left.
You knew the following spells:

 Your Spells              Type           Power        Failure   Level  Hunger
a - Flame Tongue          Conj/Fire      #####        1%          1    None
b - Throw Flame           Conj/Fire      #####.       1%          2    None
c - Conjure Flame         Conj/Fire      #####...     1%          3    ##.....
d - Sticky Flame          Conj/Fire      #####...     1%          4    ####...
e - Shock                 Conj/Air       ###.         1%          1    None
f - Fireball              Conj/Fire      #####.....   1%          5    #####..

Your spell library contained the following spells:

 Spells                   Type           Power        Failure   Level  Hunger
 Freezing Cloud           Conj/Ice/Air   ###.......   75%         6    #######
 Mephitic Cloud           Conj/Pois/Air  ###.....     3%          3    ##.....
 Ring of Flames           Chrm/Fire      ####......   100%        7    #######
 Inner Flame              Hex/Fire       ####....     1%          3    ##.....
 Poisonous Vapours        Pois/Air       #.....       16%         2    None


Dungeon Overview and Level Annotations

Branches:
Dungeon (10/15)            Temple (1/1) D:4            Lair (0/6) D:9
    Orc: D:9-12

Altars:
Ashenzari
Cheibriados
Dithmenos
Elyvilon
Fedhas
Gozag
Hepliaklqana
Kikubaaqudgha
Makhleb
Nemelex Xobeh
Okawaru
Qazlal
Ru
Sif Muna
Trog
Uskayaw
Vehumet
Wu Jian
Xom
Yredelemnul
Zin
The Shining One

Shops:
D:10 !


Innate Abilities, Weirdness & Mutations

You have a beak for a mouth.
You have claws for feet.
You can fly.


Message History

Casting: Sticky Flame (safe; 1% risk of failure)
Confirm with . or Enter, or press ? or * to list all spells.
Aiming: Flame Tongue (safe; 1% risk of failure)
Press: ? - help, Shift-Dir - straight line, f/p - gargoyle
Aim: a gargoyle, wielding a mace of crushing (moderately damaged, covered in liquid flames)
The flame tongue hits the gargoyle.
The gargoyle appears unharmed.
The gargoyle is moderately damaged.
The gargoyle burns!
The gargoyle hits you with a mace of crushing!!
* * * LOW HITPOINT WARNING * * *
Casting: Flame Tongue (safe; 1% risk of failure)
Confirm with . or Enter, or press ? or * to list all spells.
Aiming: Flame Tongue (safe; 1% risk of failure)
Press: ? - help, Shift-Dir - straight line, f/p - gargoyle
Aim: a gargoyle, wielding a mace of crushing (heavily damaged, covered in liquid flames)
The flame tongue hits the gargoyle.
The gargoyle appears unharmed.
The gargoyle is heavily damaged.
The gargoyle burns!
The gargoyle hits you with a mace of crushing!
You die...

##### ## ..#.#
##.##9..#
#...@##.##
###?##...##
#..#.#..#####..
##.|.#......%.#
#......###....
#.....##......
#..##..........
#..###........#
...# ##.....##


You could see a gargoyle (burning).

Vanquished Creatures
  Erica (D:7)
  2 hippogriffs
  A spriggan (D:7)
  8 yaks
  2 basilisks (D:9)
  A hungry ghost (D:7)
  Menkaure (D:7)
  Edmund (D:4)
  3 porcupines (D:9)
  A water moccasin (D:8)
  An orc warrior (D:9)
  An eye of draining (D:8)
  An ice beast (D:8)
  A phantom (D:7)
  2 necrophages
  A sky beast (D:8)
  2 ogres (D:5)
  3 centaurs
  3 crocodiles
  Blork the orc (D:4)
  2 big kobolds (Sewer)
  9 bullfrogs
  A gnoll sergeant (D:8)
  7 scorpions
  A wyvern skeleton (D:9)
  4 wights (D:8)
  2 howler monkeys
  2 quasits
  A centaur zombie (D:9)
  2 jellies
  2 bullfrog zombies
  2 crimson imps
  2 orc priests
  11 orc wizards
  A centaur skeleton (D:6)
  A bullfrog skeleton (D:5)
  2 hounds (D:7)
  4 iguanas
  6 worker ants
  2 hound skeletons
  3 gnolls (D:8)
  12 adders
  A howler monkey skeleton (D:9)
  2 shadow imps
  3 oozes
  2 adder skeletons
  2 worms (D:5)
  A dart slug (D:3)
  3 leopard geckos
  34 orcs
  10 ball pythons
  6 bats
  9 giant cockroaches
  9 goblins
  11 hobgoblins
  6 jackals
  4 quokkas
  8 frilled lizards
  2 jackal skeletons
  21 kobolds
  2 quokka zombies
  13 rats
265 creatures vanquished.

Vanquished Creatures (others)
  2 bushes (D:9)
  2 fungi (D:9)
  17 plants
21 creatures vanquished.

Grand Total: 286 creatures vanquished

Notes
Turn   | Place    | Note
-------+----------+-------------------------------------------
     0 | D:1      | kae the Tengu Fire Elementalist began the quest for the Orb.
     0 | D:1      | Reached XP level 1. HP: 10/10 MP: 4/4
   166 | D:1      | Reached XP level 2. HP: 13/15 MP: 3/6
   620 | D:1      | Reached skill level 4 in Fire Magic
   620 | D:1      | Reached XP level 3. HP: 19/19 MP: 4/7
  1177 | D:2      | Reached XP level 4. HP: 18/24 MP: 0/8
  1245 | D:2      | Learned a level 2 spell: Throw Flame
  1249 | D:2      | Learned a level 3 spell: Conjure Flame
  1372 | D:2      | Gained mutation: You can fly. [Tengu growth]
  1372 | D:2      | Reached XP level 5. HP: 28/28 MP: 7/10
  1495 | D:2      | Reached skill level 5 in Fire Magic
  2540 | D:3      | Found a sacrificial altar of Ru.
  2543 | D:3      | Found a white marble altar of Elyvilon.
  2545 | D:3      | Found a deep blue altar of Sif Muna.
  2547 | D:3      | Found a shattered altar of Ashenzari.
  2736 | D:3      | Reached XP level 6. HP: 32/32 MP: 3/11
  3766 | D:4      | Found a staircase to the Ecumenical Temple.
  3864 | Temple   | Entered the Ecumenical Temple
  4139 | Temple   | Became a worshipper of Vehumet
  4534 | D:4      | Reached skill level 6 in Fire Magic
  4621 | D:4      | Noticed Blork the orc
  4663 | D:4      | Killed Blork the orc
  4883 | D:5      | Entered Level 5 of the Dungeon
  4943 | D:5      | Reached XP level 7. HP: 36/36 MP: 6/13
  4991 | D:5      | Reached skill level 5 in Conjurations
  5180 | D:5      | Found a glowing drain.
  5305 | Sewer    | Entered a sewer
  5333 | Sewer    | Reached * piety under Vehumet
  5333 | Sewer    | Offered knowledge of Shock by Vehumet.
  5348 | Sewer    | Reached skill level 7 in Fire Magic
  5795 | D:5      | Reached XP level 8. HP: 41/41 MP: 8/15
  6172 | D:5      | Found an ornate altar of the Wu Jian Council.
  6469 | D:5      | Learned a level 4 spell: Sticky Flame
  6471 | D:5      | Learned a level 1 spell: Shock
  6474 | D:5      | Reached skill level 8 in Fire Magic
  6618 | D:4      | Noticed Edmund
  6626 | D:4      | Killed Edmund
  6977 | D:6      | Reached ** piety under Vehumet
  6977 | D:6      | Offered knowledge of Freeze by Vehumet.
  7018 | D:6      | Reached skill level 5 in Spellcasting
  7214 | D:6      | Reached skill level 9 in Fire Magic
  7733 | D:6      | Reached XP level 9. HP: 40/45 MP: 12/18
  8191 | D:7      | Found a stormy altar of Qazlal.
  8427 | D:7      | Reached skill level 10 in Fire Magic
  8812 | D:7      | Offered knowledge of Static Discharge by Vehumet.
  8926 | D:7      | Found a glowing silver altar of Zin.
  8929 | D:7      | Found a burning altar of Makhleb.
  8930 | D:7      | Noticed a cacodemon
  8930 | D:7      | Noticed an angel
  8968 | D:7      | Learned a level 5 spell: Fireball
  9319 | D:7      | Reached skill level 1 in Fighting
  9319 | D:7      | Reached skill level 1 in Armour
  9496 | D:7      | Noticed Menkaure
  9775 | D:7      | Found a stormy altar of Qazlal.
  9927 | D:7      | Found a glowing silver altar of Zin.
  9929 | D:7      | Found a burning altar of Makhleb.
 10178 | D:7      | Killed Menkaure
 10702 | D:8      | Reached XP level 10. HP: 53/53 MP: 11/20
 10767 | D:8      | Reached skill level 11 in Fire Magic
 10811 | D:8      | Noticed Erica
 10814 | D:8      | Reached *** piety under Vehumet
 12051 | D:7      | Killed Erica
 12508 | D:9      | Reached skill level 5 in Armour
 12768 | D:9      | Offered knowledge of Olgreb's Toxic Radiance by Vehumet.
 12817 | D:9      | Found a staircase to the Lair.
 12832 | D:9      | Reached skill level 5 in Fighting
 13385 | D:9      | Reached XP level 11. HP: 64/64 MP: 11/22
 13925 | D:10     | Entered Level 10 of the Dungeon
 13947 | D:10     | Reached **** piety under Vehumet
 14040 | D:10     | Found Hiopauc's Distillery.
 14333 | D:10     | Offered knowledge of Yara's Violent Unravelling by Vehumet.
 14572 | D:10     | Slain by a gargoyle

Vault maps used:
D:1:      zelgadis_glass_arrival_small
D:3:      minitemple, first_ration
D:4:      kennysheep_big_flooded_room, minmay_temple_entry_fiery,
          uniq_blork_the_orc, uniq_edmund
D:5:      kennysheep_mini_moat, gup_sewer_entry_glass,
          chequers_ossuary_entry_cave
D:7:      grunt_temple_overflow_order_and_chaos_2, kennysheep_little_box,
          the_bakery, uniq_menkaure
D:8:      uniq_erica
D:9:      minmay_lair_entry_grove, serial_glass, glass_columns_b,
          glass_columns_a, hangedman_abyss_or_decor_slice
D:10:     orc_0_dummy, serial_shops, shop_fountains, gammafunk_ghost_icy
Temple:   dpeg_chambers_temple
Sewer:    kennysheep_pipe_town

Skill      XL: |  1  2  3  4  5  6  7  8  9 10 11 |
---------------+----------------------------------+-----
Conjurations   | 2 3 4 5 7 8 |  8.3
Fire Magic     | 4 5 6 7 9 10 11 | 11.0
Spellcasting   | 3 4 5 6 7 |  7.0
Fighting       | 1 6 |  6.9
Armour         | 2 6 7 |  7.6
Dodging        | |  2.1
Stealth        | |  2.0

Action                   |  1- 3 |  4- 6 |  7- 9 | 10-12 || total
-------------------------+-------+-------+-------+-------++-------
Melee: Spear             |    27 |    51 |    38 |    28 ||   144
       Peck              |     2 |     7 |     7 |     4 ||    20
       Kick              |     1 |     6 |     9 |     6 ||    22
 Cast: Flame Tongue      |    53 |   108 |   220 |   234 ||   615
       Throw Flame       |       |    12 |    48 |    20 ||    80
       Conjure Flame     |       |     3 |     9 |    12 ||    24
       Sticky Flame      |       |       |     9 |    14 ||    23
 Abil: Fly               |       |       |     2 |       ||     2
  Use: Scroll            |       |    13 |     7 |     1 ||    21
       Potion            |       |       |       |     1 ||     1
 Stab: Sleeping          |       |     4 |       |       ||     4
  Eat: Chunk             |     1 |     8 |    19 |    10 ||    38
       Ration            |       |     1 |     1 |     1 ||     3
Armor: Robe              |    11 |    17 |    15 |    19 ||    62
Dodge: Dodged            |    33 |    40 |    77 |    63 ||   213

Table legend:
 A = Spawn XP
 B = Non-spawn XP
 C = Spawn XP percentage of total XP
 D = Spawn monster count
 E = Non-spawn monster count
 F = Spawn count percentage of total count
 G = Total turns spent on level
                    A         B        C        D         E        F      G
               +---------+---------+-------+---------+---------+-------+---------
         Total |       0 |   10653 |   0.0 |       0 |     265 |   0.0 | 14572
               +---------+---------+-------+---------+---------+-------+---------
           D:1 |       0 |      39 |   0.0 |       0 |      24 |   0.0 |   821
           D:2 |       0 |     158 |   0.0 |       0 |      29 |   0.0 |  1119
           D:3 |       0 |     142 |   0.0 |       0 |      29 |   0.0 |  1224
           D:4 |       0 |     398 |   0.0 |       0 |      17 |   0.0 |  1790
           D:5 |       0 |     781 |   0.0 |       0 |      31 |   0.0 |  1482
           D:6 |       0 |     928 |   0.0 |       0 |      19 |   0.0 |  1035
           D:7 |       0 |    2621 |   0.0 |       0 |      25 |   0.0 |  2655
           D:8 |       0 |    1514 |   0.0 |       0 |      27 |   0.0 |  1490
           D:9 |       0 |    2409 |   0.0 |       0 |      26 |   0.0 |  1658
          D:10 |       0 |    1416 |   0.0 |       0 |      14 |   0.0 |   647
         Sewer |       0 |     247 |   0.0 |       0 |      24 |   0.0 |   348
               +---------+---------+-------+---------+---------+-------+---------
